 Dungeon Crawl Stone Soup version 0.28.0-53-g5a82cb258f (webtiles) character file.

Game seed: 7405189988813527498

7558 jjjjhere the Grappler (level 10, -15/100 HPs)
             Began as a Troll Summoner on Aug 4, 2022.
             Was the Champion of Cheibriados.
             Demolished by Snorg (18 damage)
             ... on level 10 of the Dungeon.
             The game lasted 00:16:54 (9104 turns).

jjjjhere the Grappler (Troll Summoner)              Turns: 9104, Time: 00:16:55

Health: -15/100    AC:  7    Str: 37    XL:     10   Next: 96%
Magic:  10/12      EV: 10    Int: 26    God:    Cheibriados [******]
Gold:   149        SH:  0    Dex: 25    Spells: 2/13 levels left

rFire   . . .      SeeInvis .     - Unarmed
rCold   . . .      Faith    .   (no shield)
rNeg    . . .      Spirit   .   C - +0 steam dragon scales
rPois   .          Reflect  .   (helmet restricted)
rElec   .          Harm     .   (no cloak)
rCorr   .          Rampage  .   (gloves unavailable)
Will    .....                   (boots unavailable)
Stlth   ++........              z - amulet of regeneration
HPRegen 1.86/turn               (no ring)
MPRegen 0.13/turn               (no ring)

@: wereblooded (expiring), very slow
A: large, unfitting armour, claws 3, regeneration 1, shaggy fur 1, tough skin 1
a: Renounce Religion, Bend Time, Temporal Distortion, Slouch, Step From Time


You were on level 10 of the Dungeon.
You worshipped Cheibriados.
Cheibriados was exalted by your worship.
You visited 1 branch of the dungeon, and saw 10 of its levels.
You also visited: Ossuary.

You collected 419 gold pieces.
You spent 270 gold pieces at shops.

Inventory:

Missiles
 k - 38 poisoned darts
 n - 3 boomerangs
 q - a throwing net
Armour
 a - a +1 robe
 C - +0 steam dragon scales (worn)
Jewellery
 z - an amulet of regeneration (around neck)
Wands
 b - a wand of iceblast (19)
 e - a wand of paralysis (8)
 o - a wand of digging (7)
 y - a wand of polymorph (10)
 A - a wand of flame (11)
 D - a wand of mindburst (5)
Scrolls
 c - 4 scrolls of magic mapping
 f - a scroll of fear
 h - 3 scrolls of amnesia
 j - a scroll of enchant weapon
 t - 2 scrolls of holy word
 B - a scroll of immolation
 E - a scroll of teleportation
Potions
 d - a potion of invisibility {unknown}
 g - 3 potions of heal wounds
 i - 6 potions of curing
 l - 3 potions of brilliance
 m - a potion of ambrosia
 p - 2 potions of magic {unknown}
 r - a potion of flight {unknown}
 s - a potion of resistance {unknown}
 u - a potion of lignification {unknown}
 v - a potion of might {unknown}
 w - a potion of attraction {unknown}
 x - a potion of berserk rage {unknown}


   Skills:
 + Level 6.8 Fighting
 - Level 1.5 Dodging
 - Level 1.0 Stealth
 * Level 11.8 Unarmed Combat
 - Level 2.0 Spellcasting
 - Level 4.2 Summonings
 + Level 1.2 Transmutations
 - Level 4.1 Earth Magic
 + Level 4.9 Invocations


You had 2 spell levels left.
You knew the following spells:

 Your Spells              Type           Power      Damage    Failure   Level
a - Summon Small Mammal   Summ           96%        N/A       1%          1
b - Call Imp              Summ           24%        N/A       2%          2
c - Call Canine Familiar  Summ           24%        N/A       5%          3
d - Passwall              Tmut/Erth      13%        N/A       5%          2
e - Wereblood             Tmut           9%         N/A       10%         2
f - Beastly Appendage     Tmut           18%        N/A       6%          1

Your spell library contained the following spells:

 Spells                   Type           Power      Damage    Failure   Level
 Sandblast                Erth           46%        2d11      1%          1
 Summon Guardian Golem    Hex/Summ       13%        N/A       13%         3
 Stone Arrow              Conj/Erth      26%        3d8       14%         3
 Spider Form              Tmut/Pois      5%         N/A       24%         3
 Frozen Ramparts          Ice            4%         1d2       30%         3
 Inner Flame              Hex/Fire       2%         N/A       30%         3
 Portal Projectile        Hex/Tloc       4%         N/A       30%         3
 Leda's Liquefaction      Hex/Erth       6%         N/A       41%         4
 Summon Ice Beast         Ice/Summ       13%        N/A       41%         4
 Summon Lightning Spire   Summ/Air       13%        N/A       41%         4
 Ice Form                 Ice/Tmut       5%         N/A       63%         4
 Cause Fear               Hex            1%         N/A       71%         4
 Fireball                 Conj/Fire      1%         3d3       96%         5
 Starburst                Conj/Fire      1%         6d3       100%        6
 Discord                  Hex            1%         N/A       100%        8
 Ignition                 Fire           1%         3d3       100%        8


Dungeon Overview and Level Annotations

Branches:
Dungeon (10/15)            Temple (0/1) D:7             Orc (0/2) D:9
Ossuary (visited)
   Lair: D:8-11

Altars:
Cheibriados
Gozag
Kikubaaqudgha
Okawaru
Ru
Trog
Uskayaw
Xom
Zin
The Shining One

Shops:
D:1 (   D:6 (   D:10 *

Annotations:
D:10 2 runed translucent doors, Snorg


Innate Abilities, Weirdness & Mutations

You are too large for most types of armour.
You have claws for hands.
Your natural rate of healing is unusually fast.
You are covered in fur. (AC +1)
You have tough skin. (AC +1)


Message History

You mangle the yak!!
You feel a bit better.
You kill the yak!
Cheibriados appreciates the change of pace.
The yak gores you.
Your Transmutations skill increases to level 1!
You mangle the yak!!
The yak is severely wounded.
The yak gores you.
You scratch the yak.
The yak is almost dead.
The yak gores you. The yak barely misses you.
You claw the yak!
You feel a bit better.
You kill the yak!
Cheibriados appreciates the change of pace.
The yak gores you. x2
You mangle the yak!!
The yak is severely wounded.
The yak gores you! x2
You claw the yak!
You feel a bit better.
You kill the yak!
Cheibriados thoroughly appreciates the change of pace.
The yak closely misses you.
Snorg goes berserk!
The yak gores you!
You claw the yak!
The yak is moderately wounded.
The yak gores you.
You eviscerate the yak!!!
You feel a bit better.
You kill the yak!
Cheibriados thoroughly appreciates the change of pace.
The yak gores you! The yak closely misses you.
You eviscerate Snorg!!!
Snorg is moderately wounded.
Snorg bites you but does no damage. Snorg claws you! x2
* * * LOW HITPOINT WARNING * * *
You mangle Snorg!!
Snorg is moderately wounded.
Your primal bloodlust is almost over.
The yak gores you but does no damage. Snorg bites you!!
* * * LOW HITPOINT WARNING * * *
Snorg claws you!!
You die...

. #........# .
#........+ #.....
#........# #....#
#........# #....#
#........# #....#
#........# ###....#
#YTY...... .......#
#†@# #....† #..#
#..... #..# #..).P
#..# #..)P.
#..###########).P.P
#..............P...
#...######)).......
##...#....#).....P..
#....#....#.<.......


You could see Snorg (berserk) and 2 yaks.

Vanquished Creatures
  A two-headed ogre (D:9)
  A hornet (D:9)
  Sigmund (D:3)
  17 yaks (D:10)
  3 wyverns (D:8)
  A steam dragon (D:8)
  3 water moccasins
  2 sky beasts
  2 ice beasts
  A necrophage (D:7)
  3 black bears
  An ogre (D:6)
  2 centaurs (D:9)
  A phantom (D:6)
  A nameless horror (D:5)
  4 kobold brigands
  2 bullfrogs
  A gnoll sergeant (D:6)
  A wyvern zombie (D:7)
  A water moccasin zombie (D:5)
  4 killer bees (D:7)
  A howler monkey (D:7)
  3 centaur zombies
  2 hounds (D:5)
  A quasit (D:5)
  An orc priest (D:9)
  2 centaur skeletons (D:4)
  A bullfrog skeleton (D:6)
  Ijyb (D:5)
  3 gnoll shamans (D:7)
  4 iguanas
  Terence (D:2)
  Natasha (D:3)
  3 orc wizards
  3 mummies (Ossuary)
  A howler monkey zombie (D:8)
  Robin (D:3)
  23 gnolls
  6 adders
  A shadow imp (D:8)
  A white imp (D:6)
  An ufetubus (D:4)
  A worm (D:3)
  4 dart slugs
  15 orcs
  14 ball pythons
  4 bats
  6 endoplasms
  3 giant cockroaches (D:2)
  3 gnoll zombies (Ossuary)
  14 goblins
  9 hobgoblins
  9 jackals
  5 quokkas
  2 frilled lizards (D:3)
  4 gnoll skeletons (Ossuary)
  5 goblin skeletons
  5 goblin zombies
  3 hobgoblin skeletons (Ossuary)
  3 hobgoblin zombies
  23 kobolds
  7 kobold skeletons
  8 kobold zombies
  4 orc skeletons
  3 orc zombies
  7 rats
  3 rat skeletons (Ossuary)
  8 rat zombies (Ossuary)
286 creatures vanquished.

Vanquished Creatures (collateral kills)
  Menkaure (Ossuary)
  A hound (D:4)
  A jelly (D:4)
  An iguana (D:5)
  An orc wizard (D:5)
  3 gnolls
  An adder (D:2)
  A dart slug (D:3)
  4 orcs
  An endoplasm (D:3)
  A giant cockroach (D:1)
  A goblin (D:3)
  2 hobgoblins
  3 jackals
  A goblin skeleton (Ossuary)
  4 kobolds
  A rat skeleton (Ossuary)
28 creatures vanquished.

Vanquished Creatures (others)
  An orc wizard (D:9)
  5 fungi (D:10)
  48 plants
  A withered plant (D:1)
55 creatures vanquished.

Grand Total: 369 creatures vanquished

Notes
Turn   | Place    | Note
-------+----------+-------------------------------------------
     0 | D:1      | jjjjhere the Troll Summoner began the quest for the Orb.
     0 | D:1      | Reached XP level 1. HP: 16/16 MP: 1/1
    33 | D:1      | Reached skill level 1 in Unarmed Combat
    89 | D:1      | Reached XP level 2. HP: 24/24 MP: 2/2
   106 | D:1      | Reached skill level 2 in Unarmed Combat
   177 | D:1      | Found Ynedufe's Weapon Emporium.
   348 | D:1      | Reached XP level 3. HP: 32/32 MP: 3/3
   463 | D:1      | Found a faded altar of an unknown god.
   517 | D:1      | Prayed at the altar of an unknown god.
   517 | D:1      | Became a worshipper of Cheibriados the Contemplative
   517 | D:1      | Reached * piety under Cheibriados
   716 | D:2      | Learned a level 2 spell: Call Imp
   766 | D:2      | Reached skill level 1 in Fighting
   766 | D:2      | Reached skill level 3 in Unarmed Combat
   873 | D:2      | Reached ** piety under Cheibriados
   954 | D:2      | Noticed Terence
   968 | D:2      | Killed Terence
   969 | D:2      | Reached XP level 4. HP: 41/41 MP: 1/4
  1526 | D:3      | Found an iron altar of Okawaru.
  1567 | D:3      | Noticed Sigmund
  1596 | D:3      | Killed Sigmund
  1597 | D:3      | Reached skill level 5 in Unarmed Combat
  1597 | D:3      | Reached XP level 5. HP: 34/50 MP: 0/5
  1597 | D:3      | Reached XP level 6. HP: 40/59 MP: 0/6
  1728 | D:3      | Noticed Natasha
  1806 | D:3      | Noticed Robin
  1826 | D:3      | Killed Robin
  1827 | D:3      | Reached *** piety under Cheibriados
  1946 | D:3      | Found an opulent altar of Gozag.
  1985 | D:3      | Found a glowing silver altar of Zin.
  2177 | D:3      | Killed Natasha
  2261 | D:3      | Learned a level 3 spell: Call Canine Familiar
  2365 | D:4      | Found an ancient bone altar of Kikubaaqudgha.
  2499 | D:4      | Reached **** piety under Cheibriados
  2711 | D:4      | Reached XP level 7. HP: 67/67 MP: 8/8
  3045 | D:5      | Entered Level 5 of the Dungeon
  3082 | D:5      | Found a glowing golden altar of the Shining One.
  3092 | D:5      | Reached skill level 6 in Unarmed Combat
  3120 | D:5      | Noticed a nameless horror
  3128 | D:5      | Killed a nameless horror
  3553 | D:5      | Noticed Ijyb
  3607 | D:5      | Killed Ijyb
  3667 | D:5      | Reached skill level 7 in Unarmed Combat
  3668 | D:5      | Reached ***** piety under Cheibriados
  3958 | D:5      | Reached XP level 8. HP: 58/78 MP: 6/10
  4022 | D:5      | Found a hide-covered altar of Uskayaw.
  4789 | D:6      | Found a shimmering altar of Xom.
  4833 | D:6      | Identified the +1 scale mail of the Gardener {Str+3 Slay+3}
  4981 | D:6      | Found a sand-covered staircase.
  4988 | Ossuary  | Entered an ossuary
  5365 | Ossuary  | Noticed Menkaure
  5374 | Ossuary  | Killed Menkaure
  5632 | D:6      | Reached skill level 8 in Unarmed Combat
  5807 | D:6      | HP: 26/79 [ice beast (14)]
  5863 | D:6      | Found Pojuef's Weapon Shop.
  6077 | D:6      | Learned a level 2 spell: Passwall
  6207 | D:7      | HP: 25/79 [killer bee (5)]
  6207 | D:7      | HP: 12/79 [iguana (13)]
  6212 | D:7      | Reached XP level 9. HP: 8/87 MP: 8/11
  6212 | D:7      | HP: 26/87 [killer bee (3)]
  6217 | D:7      | HP: 24/87 [poisoned by a killer bee]
  6362 | D:7      | Reached ****** piety under Cheibriados
  6365 | D:7      | Reached skill level 1 in Earth Magic
  6370 | D:7      | Reached skill level 9 in Unarmed Combat
  6375 | D:7      | Reached skill level 5 in Fighting
  6517 | D:7      | Found a staircase to the Ecumenical Temple.
  6525 | D:7      | Reached skill level 1 in Invocations
  6617 | D:7      | Found a sacrificial altar of Ru.
  7555 | D:8      | Reached skill level 10 in Unarmed Combat
  7986 | D:9      | Found a staircase to the Orcish Mines.
  7988 | D:9      | Noticed a two-headed ogre
  8002 | D:9      | Killed a two-headed ogre
  8003 | D:9      | Reached XP level 10. HP: 42/98 MP: 9/12
  8052 | D:9      | Found a bloodstained altar of Trog.
  8711 | D:10     | Entered Level 10 of the Dungeon
  8738 | D:10     | Reached skill level 11 in Unarmed Combat
  8794 | D:10     | Found a large runed translucent door.
  8794 | D:10     | Found a large runed translucent door.
  9017 | D:10     | Found Wishreug's Changing Room.
  9052 | D:10     | Bought a book of Changes for 270 gold pieces
  9055 | D:10     | Learned a level 2 spell: Wereblood
  9057 | D:10     | Learned a level 1 spell: Beastly Appendage
  9092 | D:10     | Noticed Snorg
  9096 | D:10     | Reached skill level 1 in Transmutations
  9103 | D:10     | HP: 32/100 [Snorg (9)]
  9104 | D:10     | HP: 3/100 [Snorg (21)]
  9104 | D:10     | Demolished by Snorg

Illustrated notes

Levels and vault maps discovered:
D:1:      nicolae_arrival_washed_ashore, layout_rooms,
          shapermc_ecumenical_altar_flowoftime, serial_glass, glass_columns_a,
          glass_columns_a, glass_columns_a, glass_columns_b,
          minmay_strange_pillars, serial_shops, shop_statue
D:2:      layout_loops_ring, uniq_terence
D:3:      layout_loops_cross, pdpol_temple_overflow_zin_treasury_gozag_greed,
          mainiacjoe_overflow_boulevard, serial_bayou_lagoon_a, uniq_natasha,
          uniq_sigmund, uniq_robin
D:4:      layout_basic, kiku_gazebo_garden_becter, kennysheep_generic_room_9
D:5:      layout_layer_cave, nicolae_tso_besieged_by_evil, lemuel_round_altar,
          uniq_ijyb
D:6:      layout_loops_corners, mainiacjoe_overflow_surrounded_room,
          chequers_ossuary_entry_cave, serial_shops,
          nicolae_shop_bloodbath_and_beyond
D:7:      layout_cave_pods, nicolae_ru_awakened_eye, temple_green
D:8:      layout_cave_pools, minmay_misc_feat_alley
D:9:      layout_basic, lemuel_crystal_altar, david_orc_2
D:10:     layout_irregular_city, lemuel_mausoleum_altar_yredelemnul,
          mainiacjoe_overflow_paths, grunt_lair_entry_orc_guard_hut,
          minmay_misc_feat_rows, nicolae_transmutations_shop,
          lightli_elemental_guards, uniq_snorg

Skill      XL: |  1  2  3  4  5  6  7  8  9 10 |
---------------+-------------------------------+-----
Unarmed Combat | 1 2 3 5 7 8 10 11 | 11.8
Fighting       | 1 2 3 4 5 6 |  6.8
Spellcasting   | 2 |  2.0
Summonings     | 3 4 |  4.2
Earth Magic    | 3 4 |  4.1
Invocations    | 3 4 |  4.9
Transmutations | 1 |  1.2
Dodging        | |  1.5
Stealth        | |  1.0

Action                   |  1- 3 |  4- 6 |  7- 9 | 10-12 || total
-------------------------+-------+-------+-------+-------++-------
Melee: Unarmed           |   113 |   120 |   330 |   109 ||   672
       Punch             |     2 |     3 |    10 |     5 ||    20
 Cast: Summon Small Mamm |     8 |     3 |     2 |       ||    13
       Call Imp          |     3 |    14 |     8 |     2 ||    27
       Call Canine Famil |       |       |    23 |     4 ||    27
       Wereblood         |       |       |       |     1 ||     1
  Use: Scroll            |       |       |    17 |       ||    17
       Potion            |       |       |     3 |       ||     3
 Stab: Sleeping          |     3 |       |     1 |     1 ||     5
       Distracted        |     1 |       |     1 |       ||     2
Armor: Robe              |    39 |    49 |    87 |       ||   175
       Steam dragon scal |       |       |     9 |    46 ||    55
Dodge: Dodged            |    51 |    73 |   176 |    46 ||   346
